AoeStats
← iM 我要打十个

Black Forest

507402288Analyzed
4v4 RM · 16d ago on Sep 18, 2026· 49m 33s· 8 players
Game mode
Random Map
Map size
Large (8 player)
Population
200
Speed
Normal
Resources
Standard
Victory
Conquest
Starting age
Dark Age
Ending age
Imperial Age
RankedLock teamsTeams togetherTeam positionsShared explorationLock speedFull tech treeHidden civsTurbo modeCheats
Victory
Defeat
🇦🇷 Jurchens · Argentina
1564
+7
🇨🇳 Wei · China
1375
+13
🇨🇳 Burmese · China
1320
+16
🇨🇳 Saracens · China
1194
+21
🇺🇸 Hindustanis · United States
1359
-16
🇨🇳 Burgundians · China
1314
-14
🇨🇳 Malay · China
1310
-14
🇺🇸 Sicilians · United States
1285
-13
fengyiwui
3:31 Loom
5:44 Loom
7:52 Double-Bit Axe
13:05 Feudal Age
12:17 Horse Collar
12:31 Gold Mining
19:33 Castle Age
17:47 Bow Saw
17:42 Heavy Plow
21:30 Wheelbarrow
22:05 Two-Man Saw
Zarathustra
10:47 Feudal Age
12:51 Loom
16:07 Castle Age
14:15 Double-Bit Axe
14:34 Horse Collar
17:59 Bow Saw
24:23 Wheelbarrow
27:48 Masonry
CMCHJK
10:03 Feudal Age
11:28 Loom
12:28 Double-Bit Axe
12:24 Horse Collar
14:47 Castle Age
17:24 Wheelbarrow
18:01 Bow Saw
20:07 Heavy Plow
21:01 Gold Mining
22:30 Gold Shaft Mining
22:38 Hand Cart
22:31 Stone Mining
22:37 Loom
22:42 Town Watch
28:40 Imperial Age
27:05 Stone Shaft Mining
26:57 Scale Barding Armor
27:03 Forging
28:22 Chain Barding Armor
28:24 Bloodlines
28:18 Husbandry
29:18 Iron Casting
28:44 Heavy Camel Rider
30:07 Plate Barding Armor
31:35 Two-Man Saw
31:49 Blast Furnace
31:33 Imperial Camel Rider
33:06 Conscription
47:21 Fletching
Kyle87x
0:54 Loom
16:08 Feudal Age
20:01 Castle Age
18:22 Double-Bit Axe
18:20 Horse Collar
19:56 Gold Mining
20:02 Fletching
20:05 Crossbowman
20:26 Crossbowman
嚯嚯嚯嚯
8:53 Loom
11:27 Feudal Age
12:20 Double-Bit Axe
12:38 Horse Collar
15:18 Castle Age
16:25 Squires
17:18 Bow Saw
17:51 Scale Mail Armor
19:27 Siege Engineers
20:45 Chain Mail Armor
22:54 Forging
25:01 Gold Mining
25:01 Arson
25:20 Loom
34:16 Imperial Age
32:42 Heavy Plow
33:20 Gold Shaft Mining
34:18 Elite Fire Lancer
36:15 Wheelbarrow
37:18 Iron Casting
36:31 Man-at-Arms
40:25 Blast Furnace
43:26 Fortified Wall
44:22 Capped Ram
47:17 Two-Man Saw
47:08 Siege Ram
48:47 Gambesons
49:21 Treadmill Crane
交给我坐中
11:43 Feudal Age
15:22 Castle Age
14:08 Double-Bit Axe
14:28 Horse Collar
16:48 Bow Saw
17:23 Wheelbarrow
17:43 Gold Mining
18:18 Heavy Plow
18:39 Stone Mining
21:28 Hand Cart
21:54 Gold Shaft Mining
22:48 Town Watch
23:46 Loom
29:09 Imperial Age
26:46 Scale Barding Armor
27:38 Bloodlines
27:29 Husbandry
28:06 Chain Barding Armor
27:57 Forging
31:04 Iron Casting
29:51 Heavy Hei Guang Cavalry
32:47 Blast Furnace
33:10 Ming Guang Armor
34:15 Fletching
35:41 Bodkin Arrow
36:49 Chemistry
36:10 Ballistics
37:03 Scale Mail Armor
37:03 Bracer
37:00 Pikeman
37:41 Squires
41:16 Halberdier
44:46 Chain Mail Armor
iM 我要打十个
1:35 Loom
2:43 Loom
10:31 Feudal Age
15:38 Castle Age
14:14 Double-Bit Axe
14:24 Fletching
15:40 Crossbowman
17:36 Horse Collar
18:37 Bodkin Arrow
19:18 Bow Saw
21:40 Town Watch
22:13 Padded Archer Armor
25:22 Ballistics
28:03 Wheelbarrow
28:40 Leather Archer Armor
29:36 Heavy Plow
32:48 Masonry
32:56 Hand Cart
33:00 Thumb Ring
36:59 Imperial Age
36:16 Scale Mail Armor
36:26 Forging
36:31 Treadmill Crane
39:35 Imperial Age
36:58 Pikeman
37:45 Squires
38:03 Squires
39:48 Sanctity
43:26 Man-at-Arms
45:42 Chain Mail Armor
47:59 Chemistry
48:02 Arson
50:02 Fervor
cloud678
0:48 Loom
15:42 Feudal Age
17:01 Wheelbarrow
20:37 Castle Age
20:01 Town Watch
20:09 Gold Mining
20:33 Horse Collar
20:52 Stone Mining
21:45 Caravan
21:51 Fletching
Connection lost

Rejoining the realm…

Still unreachable

The connection could not be restored.

Session expired

The server has moved on; the page needs a fresh start.